 Dungeon Crawl Stone Soup version 0.29-a0-275-g389c0b56f3 (webtiles) character file.

Game seed: 3601985268300610

3 sanka the Insei (level 1, 16/23 HPs)
             Began as a Gnoll Monk on Mar 10, 2022.
             Was an Initiate of Gozag.
             Quit the game on level 1 of the Dungeon.
             The game lasted 00:00:21 (76 turns).

sanka the Insei (Gnoll Monk)                          Turns: 76, Time: 00:00:22

Health: 16/23      AC:  2    Str: 10    XL:     1   Next: 50%
Magic:  1/1        EV: 14    Int:  9    God:    Gozag
Gold:   0          SH:  0    Dex: 14    Spells: 0/0 levels left

rFire   . . .      SeeInvis .     - Unarmed
rCold   . . .      Faith    .   (no shield)
rNeg    . . .      Spirit   .   a - +0 robe
rPois   .          Reflect  .   (no helmet)
rElec   .          Harm     .   (no cloak)
rCorr   .          Rampage  .   (no gloves)
Will    .....                   (no boots)
Stlth   +++.......              (no amulet)
HPRegen 0.07/turn               (no ring)
MPRegen 0.07/turn               (no ring)

@: no status effects
A: fangs 1, strong nose, distributed training
a: Renounce Religion, Potion Petition, Call Merchant, Bribe Branch


You were on level 1 of the Dungeon.
You worshipped Gozag.
Gozag was noncommittal.
You visited 1 branch of the dungeon, and saw 1 of its levels.


Innate Abilities, Weirdness & Mutations

You have very sharp teeth.
Your uncanny sense of smell can sniff out nearby items.
Your experience applies equally to all skills.


   Skills:
 + Level 6.4 Fighting
 + Level 0.0 Short Blades
 + Level 0.0 Long Blades
 + Level 0.0 Axes
 + Level 0.0 Maces & Flails
 + Level 0.0 Polearms
 + Level 0.0 Staves
 + Level 0.0 Slings
 + Level 0.0 Bows
 + Level 0.0 Crossbows
 + Level 0.0 Throwing
 + Level 0.0 Armour
 + Level 6.4 Dodging
 + Level 4.0 Stealth
 + Level 0.0 Shields
 + Level 6.4 Unarmed Combat
 + Level 0.0 Spellcasting
 + Level 0.0 Conjurations
 + Level 0.0 Hexes
 + Level 0.0 Summonings
 + Level 0.0 Necromancy
 + Level 0.0 Translocations
 + Level 0.0 Transmutations
 + Level 0.0 Fire Magic
 + Level 0.0 Ice Magic
 + Level 0.0 Air Magic
 + Level 0.0 Earth Magic
 + Level 0.0 Poison Magic
 + Level 0.1 Invocations
 + Level 0.0 Evocations


You couldn't memorise any spells.
You didn't know any spells.
Your spell library was empty.

Inventory:

Armour
 a - a +0 robe (worn)
Potions
 b - a potion of ambrosia

Dungeon Overview and Level Annotations

Branches:
Dungeon (1/15)

Altars:
Gozag

▒▒▒▒▒ ..... .▒
▒▒▒...▒▒▒ ▒▒
....▒G▒...▒G▒..▒
....▒▒▒...▒▒▒..▒
..................▒
...........g......▒
..................▒
.......▒▒▒...▒▒▒..▒
......▒G▒...▒G▒ £▒
..[...▒▒▒...▒▒▒.
▒▒▒▒▒▒▒+▒▒▒............
......▒.......†.▒.▒▒▒▒.
♣♣.♣♣..▒▒.........▒
♣♣.♣♣♣♣.▒.........▒


You could see 2 shining eyes, a floating eye and a golden eye (asleep).


Message History

The ball python bites you. The ball python closely misses you.
The frilled lizard bites you but does no damage.
You barely miss the ball python. The ball python misses you.
The ball python barely misses you. The frilled lizard bites you.
You completely miss the ball python. The ball python misses you.
The ball python closely misses you. The frilled lizard bites you.
You closely miss the ball python. The ball python misses you.
The ball python closely misses you. The frilled lizard closely misses you.
You punch the ball python!
You kill the ball python!
The frilled lizard completely misses you.
You punch the frilled lizard!
You kill the frilled lizard!
No reachable target in view!
The floating eye turns its gaze towards you.
There is a faded altar of an unknown god here.
You cannot tell which god this altar belongs to.
Convert to them anyway?
Gozag accepts your prayer! Gozag welcomes you!
Gozag waives the service fee.
Unknown command.
Press < or > to pray at altars.
Are you sure you want to abandon this character and quit the game? (Confirm with "yes".)

Action                   || total
-------------------------++-------
Melee: Unarmed           ||    10
 Stab: Sleeping          ||     2
Armor: Robe              ||     1
Dodge: Dodged            ||    14

Levels and vault maps discovered:
D:1:      heliophobic_arrival_henge, layout_basic,
          hellmonk_ecumenical_altar_watching_god

Notes
Turn   | Place    | Note
-------+----------+-------------------------------------------
     0 | D:1      | sanka the Gnoll Monk began the quest for the Orb.
     0 | D:1      | Reached XP level 1. HP: 23/23 MP: 1/1
    18 | D:1      | Noticed a shining eye
    20 | D:1      | Found a faded altar of an unknown god.
    21 | D:1      | Noticed a floating eye
    21 | D:1      | Noticed a shining eye
    21 | D:1      | Noticed a golden eye
    75 | D:1      | Prayed at the altar of an unknown god.
    75 | D:1      | Became a worshipper of Gozag Ym Sagoz the Greedy
    76 | D:1      | Quit the game

Vanquished Creatures
  A hobgoblin (D:1)
  A ball python (D:1)
  2 frilled lizards (D:1)
4 creatures vanquished.
